Map: King of Braxis Station

Players

MrFercho - Winner!

  • Race: Terran Terran
  • Spawn Location: 7:00

tigro - Winner!

  • Race: Terran Terran
  • Spawn Location: 11:00

IA (Difícil)

  • Race: Zerg Zerg
  • Spawn Location: 6:00

IA (Difícil)

  • Race: Terran Terran
  • Spawn Location: 5:00

IA (Difícil)

  • Race: Terran Terran
  • Spawn Location: 1:00

IA (Difícil)

  • Race: Protoss Protoss
  • Spawn Location: 3:00

IA (Difícil)

  • Race: Terran Terran
  • Spawn Location: 12:00

IA (Difícil)

  • Race: Terran Terran
  • Spawn Location: 9:00

VOD

Have the link to the VOD?

Description

Time

  • Played on: March 24, 2020, 11:37 p.m.
  • Length: 29:48
Show
View Real Time Build Order
Export as new Build Order

MrFercho Terran - Winner!

Build Orders:  

Get SALT Encoding   

  12  0:05  SCV  
  13  0:23  SCV, Supply Depot  
  14  0:35  Engineering Bay  
  14  0:38  SCV  
  15  0:51  Refinery  
  15  1:00  Barracks  
  15  1:03  SCV  
  16  1:10  Refinery  
  16  1:25  SCV  
  17  1:37  SCV  
  18  1:49  SCV  
  18  1:53  Factory  
  19  2:01  SCV  
  19  2:02  Barracks Tech Lab  
  20  2:18  Sensor Tower  
  20  2:23  Marine  
  21  2:33  Supply Depot  
  21  2:35  SCV  
  22  2:41  Marine  
  23  2:51  Factory Tech Lab  
  23  2:59  Marine  
  23  3:03  Armory  
  24  3:27  Hellion  
  26  3:48  Siege Tank  
  29  3:54  Command Center  
  29  4:16  Starport  
  29  4:52  Orbital Command, Starport  
  29  5:06  Planetary Fortress  
  29  5:12  Unknown  
  29  5:17  Unknown  
  29  5:19  Unknown x2  
  29  5:25  Starport Tech Lab  
  27  6:13  Starport Tech Lab  
  27  6:44  Sensor Tower  
  27  6:55  Thor  
  33  7:08  Supply Depot  
  33  7:10  Supply Depot x2  
  33  7:15  SCV  
  34  7:27  SCV  
  35  7:31  Supply Depot  
  35  7:39  SCV  
  36  7:50  Fusion Core  
  36  8:00  Medivac  
  38  8:30  Unknown  
  38  9:04  Command Center  
  38  9:34  Battlecruiser  
  44  10:02  Terran Infantry Armor Level 1  
  44  10:09  Battlecruiser  
  50  10:25  Unknown  
  50  10:32  Planetary Fortress  
  50  10:46  Bunker  
  50  10:57  SCV  
  51  11:09  SCV  
  52  11:21  SCV  
  53  11:30  Unknown  
  53  11:33  SCV  
  54  11:43  SCV  
  54  11:45  SCV  
  56  11:55  SCV  
  56  12:07  SCV  
  55  12:19  SCV  
  56  12:31  SCV  
  57  12:48  Battlecruiser x2  
  69  12:55  Weapon Refit  
  69  13:14  Armory  
  61  13:52  Battlecruiser  
  67  15:20  Battlecruiser x2  
  79  16:24  Battlecruiser x2  
  91  17:35  Command Center  
  91  18:22  SCV  
  92  18:34  Terran Ship Weapons Level 1, SCV, Terran Vehicle And Ship Armor Level 1  
  92  18:35  Command Center  
  93  18:41  Refinery  
  93  18:46  SCV  
  93  18:48  Starport  
  94  18:50  Starport  
  94  18:51  Starport  
  94  18:53  Starport  
  94  18:57  Starport  
  94  18:58  SCV  
  95  19:10  SCV  
  95  19:16  Battlecruiser  
  103  19:56  SCV  
  103  20:13  Planetary Fortress  
  103  20:28  Unknown  
  103  20:32  SCV  
  104  20:44  Battlecruiser x2, SCV  
  117  20:50  Starport Tech Lab x5  
  117  20:56  SCV  
  118  21:07  Supply Depot  
  118  21:08  Supply Depot  
  118  21:09  SCV  
  119  21:17  Terran Ship Weapons Level 2  
  119  21:21  SCV  
  120  21:32  Supply Depot x2  
  119  21:56  Supply Depot  
  119  21:57  Supply Depot  
  119  22:20  Supply Depot  
  119  22:21  Supply Depot  
  119  22:28  Battlecruiser x2  
  131  22:43  Supply Depot  
  131  22:44  Supply Depot  
  131  22:54  Terran Vehicle And Ship Armor Level 2  
  131  22:59  SCV  
  132  23:09  Supply Depot x2  
  132  23:11  SCV  
  133  23:19  Orbital Command  
  133  23:23  SCV  
  133  23:25  Refinery  
  134  23:31  SCV  
  135  23:35  SCV  
  136  23:43  SCV  
  136  23:47  SCV  
  138  23:55  SCV  
  139  24:07  SCV  
  137  24:19  SCV  
  136  25:11  Unknown  
  127  26:03  Battlecruiser x3  
  127  26:04  Battlecruiser x3  
  163  26:11  SCV  
  164  26:23  SCV  
  165  26:35  SCV  
  166  27:07  Battlecruiser  
  166  27:08  Battlecruiser  
  178  27:38  Battlecruiser x2  
  178  27:39  Battlecruiser  
Show
View Real Time Build Order
Export as new Build Order

tigro Terran - Winner!

Build Orders:  

Get SALT Encoding   

  12  0:05  SCV  
  13  0:21  SCV  
  13  0:23  Supply Depot  
  14  0:32  Refinery  
  14  0:33  SCV  
  15  0:39  Refinery  
  15  0:46  SCV  
  16  1:03  Barracks  
  16  1:25  SCV  
  17  1:26  Supply Depot  
  17  1:37  SCV  
  18  1:49  SCV  
  18  1:52  Marine  
  18  1:53  Barracks  
  20  2:10  Marine  
  21  2:21  Engineering Bay  
  21  2:28  Marine  
  22  2:40  Barracks Tech Lab  
  22  2:46  Marine  
  23  2:55  Factory  
  23  3:04  Marine  
  24  3:07  Missile Turret  
  24  3:14  Combat Shield  
  24  3:24  Orbital Command  
  24  3:34  Marauder  
  26  3:49  Terran Infantry Weapons Level 1  
  26  3:52  Barracks Tech Lab  
  26  3:54  Factory Tech Lab  
  26  4:16  Missile Turret  
  26  4:23  Infernal Pre-Igniter  
  26  4:24  Armory  
  26  4:33  Stimpack  
  26  4:55  Missile Turret  
  26  5:17  Factory  
  26  5:19  Siege Tank  
  29  5:26  Marauder  
  31  5:43  Hi-Sec Auto Tracking  
  31  6:07  Supply Depot  
  31  6:13  Concussive Shells  
  31  6:28  Cyclone  
  31  6:29  Marauder  
  36  6:39  Factory Tech Lab  
  36  7:00  Siege Tank  
  39  7:03  Supply Depot  
  39  7:09  Starport  
  39  7:23  Thor  
  39  7:28  Terran Vehicle Weapons Level 1  
  45  7:33  Siege Tank  
  48  7:48  Starport  
  48  7:52  Mag-Field Accelerator  
  48  8:16  Missile Turret  
  48  8:24  Terran Infantry Weapons Level 2  
  48  8:29  Starport Tech Lab  
  48  8:55  Marine  
  49  8:58  Marine  
  50  9:04  Medivac  
  52  9:13  Marine  
  52  9:16  Marine  
  54  9:22  Terran Vehicle And Ship Armor Level 1  
  54  9:31  Marine  
  55  9:59  Drilling Claws  
  55  10:37  Marine x2  
  55  10:41  Terran Infantry Armor Level 1  
  57  10:55  Marine x2  
  59  11:03  Supply Depot  
  59  11:13  Marine  
  59  11:17  Smart Servos  
  60  11:28  Siege Tank  
  60  11:32  Starport Tech Lab  
  63  11:51  Command Center  
  60  12:26  Unknown  
  60  12:35  Neosteel Armor  
  60  13:03  Missile Turret  
  60  13:20  Missile Turret  
  60  13:24  Fusion Core  
  60  14:05  Marine  
  60  14:08  Marine  
  62  14:11  Thor  
  62  14:15  Siege Tank  
  71  14:17  Battlecruiser  
  71  14:20  Weapon Refit  
  71  14:23  Marine  
  78  14:26  Marine  
  79  14:33  Planetary Fortress  
  79  14:34  Missile Turret  
  79  14:40  Marine  
  79  14:44  Marine  
  67  14:58  Marine  
  64  15:02  Marine  
  65  15:16  Marine  
  65  15:19  Marine  
  62  17:08  Command Center  
  62  17:41  Missile Turret  
  62  17:55  Unknown  
  62  18:20  Battlecruiser  
  62  18:23  Battlecruiser  
  62  18:26  Thor  
  80  18:28  Marine  
  80  18:31  Marine  
  82  18:46  Planetary Fortress, Marine  
  83  18:49  Marine  
  84  19:04  Marine  
  84  19:07  Marine  
  86  19:10  SCV  
  87  19:21  Marine  
  87  19:22  SCV  
  89  19:25  Marine  
  90  19:34  SCV  
  91  19:39  Marine  
  91  19:42  Marine  
  93  19:46  SCV  
  94  20:36  SCV  
  94  20:42  Terran Vehicle And Ship Armor Level 2  
  95  20:46  Terran Infantry Weapons Level 3  
  95  20:49  Rapid Reignition System  
  95  20:52  Corvid Reactor  
  50  21:45  Advanced Ballistics  
  50  22:05  Battlecruiser  
  50  22:07  Medivac  
  58  22:10  Cloaking Field  
  58  22:11  Marine  
  59  22:15  Marine  
  60  22:29  Marine  
  61  22:33  Marine  
  62  22:38  Battlecruiser  
  62  22:41  SCV  
  69  22:47  Marine  
  69  22:51  Marine  
  70  22:53  SCV  
  70  22:57  Terran Vehicle Weapons Level 2  
  72  23:00  Thor  
  72  23:05  SCV, Marine  
  80  23:09  Medivac  
  82  23:17  SCV  
  83  23:23  Terran Infantry Armor Level 2, Marine  
  84  23:29  SCV  
  84  23:30  Hyperflight Rotors  
  87  23:41  SCV, Marauder  
  88  23:49  Marine  
  88  23:53  SCV  
  92  24:02  Marauder  
  92  24:05  SCV  
  92  24:07  Marine  
  94  24:23  Marine  
  95  24:25  Marine  
  94  24:41  Marine  
  94  24:43  Marine  
  96  24:59  Marine  
  97  25:01  Marine  
  91  25:14  Terran Ship Weapons Level 1  
  73  26:50  Battlecruiser  
  73  26:52  Battlecruiser  
  72  27:23  Unknown  
  66  28:31  Battlecruiser  
  66  28:33  Battlecruiser  
  78  28:48  Missile Turret  
Show
View Real Time Build Order
Export as new Build Order

IA (Difícil) Zerg 

Build Orders: 1 Base Baneling Bust, Pool Only 

Get SALT Encoding   

  12  0:01  Drone  
  13  0:12  Overlord  
  13  0:17  Drone  
  14  0:30  Drone  
  14  0:31  Drone  
  16  0:42  Spawning Pool  
  15  0:43  Drone  
  15  0:47  Drone  
  17  0:50  Extractor  
  17  0:55  Drone  
  17  1:05  Overlord  
  17  1:31  Zergling x2, Queen  
  20  1:34  Roach Warren  
  20  1:38  Drone  
  20  1:39  Drone, Extractor  
  20  1:49  Zergling x2  
  21  1:59  Drone  
  22  2:14  Roach  
  24  2:20  Overlord  
  24  2:31  Roach  
  26  2:39  Overlord, Drone  
  26  2:43  Roach  
  29  2:52  Drone  
  29  2:55  Roach  
  32  3:06  Roach  
  32  3:12  Overlord  
  34  3:18  Roach  
  36  3:29  Roach  
  38  3:36  Overlord  
  38  3:39  Drone  
  39  3:41  Roach  
  39  3:44  Drone  
  39  3:47  Drone  
  43  3:52  Drone  
  44  4:03  Drone  
  44  4:06  Baneling Nest  
  44  4:12  Evolution Chamber  
  44  4:13  Roach  
  44  4:14  Drone  
  44  4:16  Drone  
  47  4:17  Drone  
  48  4:25  Roach  
  50  4:37  Roach  
  52  4:48  Roach  
  54  5:35  Zergling x2  
  54  6:37  Lair, Overlord  
  54  6:38  Drone  
  54  6:39  Zerg Melee Weapons Level 1  
  55  6:40  Evolution Chamber, Drone  
  55  6:41  Drone  
  55  6:46  Spore Crawler  
  55  6:51  Spore Crawler  
  55  6:52  Drone  
  55  6:56  Overlord, Drone  
  56  7:06  Zerg Missile Weapons Level 1  
  56  7:19  Spine Crawler  
  56  7:20  Drone  
  56  7:25  Spine Crawler  
  56  7:26  Drone  
  56  7:34  Queen  
  56  7:36  Overseer x2  
  58  7:39  Hydralisk Den  
  58  7:40  Drone  
  58  7:43  Infestation Pit  
  58  7:44  Drone  
  58  7:45  Spire  
  58  7:46  Drone  
  58  7:48  Zergling x2  
  55  8:07  Hydralisk  
  55  8:11  Burrow  
  57  8:16  Hydralisk  
  59  8:25  Hydralisk  
  61  8:33  Zerg Ground Armor Level 1  
  61  8:34  Hydralisk  
  61  9:31  Overseer  
  61  9:33  Zergling x2, Overlord, Overseer  
  61  9:51  Hydralisk  
  57  9:58  Overlord, Overseer  
  57  9:59  Hydralisk  
  54  10:01  Overseer  
  54  10:05  Overlord  
  52  10:07  Overlord  
  52  10:11  Overlord  
  33  10:26  Drone  
  33  10:28  Mutalisk  
  30  10:30  Drone  
  30  10:31  Overseer  
  30  10:32  Drone  
  30  10:33  Mutalisk  
  30  10:34  Infestation Pit, Overlord  
  30  10:35  Drone  
  30  10:37  Mutalisk, Drone  
  30  10:38  Drone  
  25  10:52  Hydralisk  
Show
View Real Time Build Order
Export as new Build Order

IA (Difícil) Terran 

Build Orders:  

Get SALT Encoding   

  12  0:01  SCV  
  13  0:13  SCV  
  14  0:20  Supply Depot  
  14  0:25  SCV  
  15  0:41  SCV  
  16  0:47  Barracks  
  16  0:50  Refinery  
  16  0:53  SCV  
  17  1:05  SCV  
  18  1:18  SCV  
  19  1:23  Supply Depot  
  19  1:31  SCV  
  20  1:33  Marine  
  21  1:44  Barracks  
  21  1:45  Orbital Command  
  21  1:53  Refinery, Barracks Tech Lab  
  21  2:03  Factory  
  21  2:11  Marine  
  22  2:26  Supply Depot  
  22  2:35  Marine  
  23  2:41  Marine  
  24  2:47  Hellion  
  26  2:53  Marine  
  27  2:58  Supply Depot  
  27  3:09  Hellion  
  27  3:12  SCV  
  30  3:24  SCV  
  31  3:29  Engineering Bay  
  31  3:30  Hellion  
  33  3:36  SCV  
  33  3:40  Supply Depot  
  34  3:48  SCV  
  35  3:51  Hellion  
  37  4:00  SCV  
  38  4:12  SCV  
  38  4:13  Hellion  
  41  4:34  Hellion  
  43  4:47  SCV  
  43  4:48  Barracks Tech Lab  
  43  4:49  Marauder  
  43  4:52  Factory  
  45  4:54  Stimpack  
  45  4:56  Starport  
  45  4:58  Widow Mine  
  45  4:59  SCV, Starport  
  48  5:02  Supply Depot  
  48  5:07  Combat Shield  
  48  5:09  Terran Infantry Weapons Level 1  
  48  5:11  SCV  
  49  5:17  Marine  
  49  5:20  Factory Tech Lab  
  50  5:26  Marine  
  51  5:34  Starport Tech Lab  
  51  5:35  Marine  
  51  5:37  Supply Depot, Starport Tech Lab, Factory Tech Lab  
  52  5:45  Marauder  
  54  5:54  Marauder  
  52  6:02  Siege Tank  
  43  6:10  Marine  
  44  6:19  Marine  
  44  6:23  Missile Turret  
  45  6:25  Concussive Shells  
  45  6:28  Marine  
  45  6:30  Missile Turret  
  46  6:37  Marine  
  47  6:41  Raven  
  47  6:46  Widow Mine  
  51  6:49  SCV  
  51  6:51  Barracks  
  51  6:54  Siege Tank  
  51  6:59  Bunker  
  54  7:03  Terran Infantry Armor Level 1  
  54  7:19  Raven  
  56  7:40  Sensor Tower  
  56  8:00  Armory  
  56  8:06  Barracks Reactor  
  56  8:56  Reaper  
  56  8:57  Medivac  
  56  9:00  Reaper  
  56  9:01  Medivac, Supply Depot  
  56  9:02  Marine  
  63  9:05  Marine  
  64  9:15  Engineering Bay  
  64  9:20  Marine  
  64  9:23  Marine  
  66  9:27  Medivac  
  66  9:28  Marine  
  69  9:31  Marine  
  69  9:32  Supply Depot  
  69  9:35  SCV  
  69  9:38  Marine  
  71  9:41  Marine  
  72  9:56  Marine  
  72  9:58  Raven  
  67  10:00  Marine  
  67  10:03  Marine  
  67  10:06  Marine  
  56  10:14  Marine  
  53  10:18  Marine  
  53  10:21  Marine  
  56  10:32  Marauder  
  58  10:36  Marauder  
  60  10:43  Raven  
  62  10:53  Marauder  
  64  10:57  Marauder  
  64  11:04  Reaper  
  67  11:15  Reaper  
  67  11:40  SCV  
  67  11:45  Ghost Academy  
  68  12:17  Ghost  
  68  12:20  Marine  
  68  12:22  Marine  
  71  12:25  Marine  
  71  12:27  Supply Depot  
  73  12:38  Marine  
  73  12:40  Marine  
  73  12:42  Marine  
  76  12:46  Marauder  
  78  12:54  Supply Depot  
  78  12:56  Marine  
  78  12:58  Marine  
  69  13:00  Marine  
  69  13:01  Medivac  
  63  13:07  Marine  
  58  13:13  Marine  
  58  13:16  Marine  
  58  13:18  Marine  
  61  13:26  Marauder  
  63  13:31  Marine  
  63  13:32  Terran Infantry Weapons Level 2  
  63  13:33  Marine  
  65  13:36  Marine  
  66  13:46  Marine  
  65  13:50  Marauder  
  65  13:51  Marine  
  65  13:54  Marine  
  65  14:00  Medivac  
  67  14:05  Marauder  
  67  14:09  Marine  
  70  14:10  Marine  
  70  14:11  Marine  
  72  14:26  Marauder  
  72  14:27  Marine  
  72  14:29  Marauder, Marine  
  78  14:41  Terran Infantry Armor Level 2  
  78  14:45  Marine  
  79  14:47  Marine  
  79  14:50  Marine  
  81  14:59  Terran Vehicle Weapons Level 1  
  81  15:05  Marauder  
  83  15:07  Ghost  
  85  15:27  Marauder  
  87  15:46  Hellion  
  89  15:50  Hellion  
  89  15:53  Supply Depot  
  89  15:54  Viking  
  87  16:07  Hellion  
  78  16:12  Hellion  
  80  16:28  Siege Tank  
  83  16:33  Cyclone  
  86  16:51  Raven  
  86  16:53  Terran Ship Weapons Level 1  
  83  17:48  Fusion Core  
  80  18:32  Medivac  
  82  18:36  Battlecruiser  
  88  18:58  SCV  
  88  19:02  Medivac  
  91  19:32  Raven  
  93  19:40  Viking  
  95  20:04  Siege Tank  
  95  20:07  Marine  
  98  20:09  Marine  
  98  20:10  Supply Depot  
  98  20:13  Marine  
  101  20:16  Marine  
  102  20:23  Banshee  
  102  20:24  Marine  
  106  20:35  Supply Depot  
  106  20:42  Banshee  
  109  21:05  Infernal Pre-Igniter  
  109  21:26  Terran Vehicle And Ship Armor Level 1  
  109  22:12  Terran Infantry Weapons Level 3  
  109  23:33  Marine  
  110  23:35  Marine  
  110  23:37  Marine  
  110  23:39  Supply Depot  
  110  23:40  Marine  
  113  23:51  Marine  
  113  23:53  Marine  
  115  23:55  Marine  
  115  23:57  Marine  
  117  24:04  Supply Depot  
  117  24:09  Marine  
  118  24:11  Marine  
  118  24:13  Marine  
  118  24:15  SCV, Marine  
  105  24:27  Marine  
  105  24:29  Marine  
  105  24:31  Marine  
  105  24:33  Marine  
  107  24:44  Ghost  
  109  25:03  Ghost  
  111  25:13  Marine  
  88  25:16  Hellion  
  88  25:20  Viking  
  86  25:24  SCV  
  86  25:27  Missile Turret  
  71  25:31  Viking, Marine  
  71  25:34  Engineering Bay  
  52  25:36  Hellion  
  52  25:37  Missile Turret  
  52  25:40  Hellion  
  12  26:02  Armory  
Show
View Real Time Build Order
Export as new Build Order

IA (Difícil) Terran 

Build Orders:  

Get SALT Encoding   

  12  0:01  SCV  
  13  0:13  SCV  
  14  0:19  Supply Depot  
  14  0:25  SCV  
  15  0:41  SCV  
  16  0:47  Barracks  
  16  0:48  Refinery  
  16  0:53  SCV  
  17  1:05  SCV  
  18  1:17  SCV  
  19  1:20  Supply Depot  
  19  1:29  SCV  
  20  1:34  Marine  
  20  1:39  Barracks  
  21  1:42  Orbital Command  
  21  1:47  Refinery  
  21  1:53  Barracks Tech Lab  
  21  2:05  Supply Depot  
  21  2:12  Marine  
  22  2:29  Marine  
  22  2:33  Marine  
  24  2:39  Supply Depot  
  24  2:47  Marine  
  24  2:50  Marine  
  26  3:05  Marine  
  26  3:09  Marine  
  28  3:14  Supply Depot  
  28  3:15  SCV  
  29  3:23  Marine  
  29  3:27  SCV, Marine  
  30  3:28  Engineering Bay  
  32  3:39  SCV  
  32  3:41  Marine  
  34  3:44  Marine  
  35  3:51  SCV  
  36  3:59  Marauder  
  38  4:03  SCV  
  39  4:16  SCV  
  39  4:20  Marauder  
  41  4:28  SCV  
  42  4:42  Marauder  
  44  5:03  Marauder  
  46  5:25  Marauder  
  48  6:24  Barracks Tech Lab  
  48  6:27  SCV, Stimpack  
  48  6:28  Terran Infantry Weapons Level 1, Factory  
  48  6:29  Marauder  
  48  6:32  Factory  
  51  6:35  Supply Depot  
  51  6:38  Missile Turret  
  51  6:39  SCV  
  52  6:40  Ghost Academy  
  52  6:42  Marine  
  52  6:43  Concussive Shells  
  52  6:46  Missile Turret  
  51  6:52  Barracks  
  51  6:56  Marine  
  52  7:07  Supply Depot  
  52  7:10  Ghost  
  52  7:12  Bunker  
  52  7:13  Factory Tech Lab  
  54  7:16  Starport  
  54  7:19  Marine  
  54  7:22  Starport, Factory Tech Lab  
  52  7:25  Combat Shield  
  52  7:26  Sensor Tower  
  45  7:37  Marine  
  45  7:39  Marine  
  47  7:45  Armory  
  47  7:46  Hellion  
  47  7:51  Hellion  
  43  7:55  Starport Tech Lab  
  38  7:58  Viking  
  38  8:01  SCV  
  32  8:08  Hellion  
  32  8:10  Marine  
  30  8:13  SCV  
  30  8:14  Viking  
  28  8:22  Marine, Terran Infantry Armor Level 1  
  28  8:25  SCV  
  24  8:29  Marine  
  24  8:30  Starport Tech Lab  
  18  8:37  SCV, Marine  
  15  8:44  Viking  
  15  8:48  Marine  
  11  8:49  SCV  
  10  8:55  Marine  
  10  9:01  SCV  
  10  9:02  Marine  
  8  9:18  Marine  
  6  9:36  Marine  
  2  10:09  Command Center  
  2  10:14  Barracks  
  2  11:02  Marine  
  3  11:22  SCV  
  4  11:36  SCV  
  5  11:54  SCV  
  6  12:07  SCV  
  7  12:19  SCV  
  8  12:31  SCV  
  9  12:42  Marine  
  9  12:44  SCV  
  11  12:56  SCV  
  12  13:08  SCV  
  13  13:20  SCV  
  14  13:32  SCV  
  15  13:44  SCV  
  16  13:53  Marine  
Show
View Real Time Build Order
Export as new Build Order

IA (Difícil) Protoss 

Build Orders:  

Get SALT Encoding   

  12  0:01  Probe  
  13  0:13  Probe  
  14  0:20  Pylon  
  14  0:25  Probe  
  15  0:35  Probe  
  16  0:43  Probe  
  16  0:46  Assimilator  
  17  0:50  Gateway  
  17  0:52  Probe  
  18  0:59  Pylon  
  18  1:00  Probe  
  19  1:15  Probe  
  20  1:37  Gateway  
  20  1:39  Cybernetics Core, Zealot, Assimilator  
  22  1:58  Pylon  
  22  1:59  Zealot  
  24  2:15  Warp Gate  
  24  2:23  Stalker  
  26  2:32  Stalker  
  28  2:42  Pylon  
  28  2:47  Probe  
  28  2:49  Stalker  
  31  2:59  Probe  
  31  3:02  Stalker  
  34  3:07  Forge  
  34  3:11  Probe  
  35  3:13  Stalker  
  37  3:23  Probe  
  38  3:29  Pylon  
  38  3:32  Adept  
  40  3:35  Probe  
  41  3:48  Probe  
  42  4:53  Protoss Ground Weapons Level 1  
  42  5:02  Adept  
  42  5:03  Probe  
  42  5:05  Gateway  
  45  5:10  Sentry  
  45  5:12  Pylon  
  47  5:15  Probe  
  47  5:16  Photon Cannon  
  47  5:19  Adept  
  47  5:21  Photon Cannon  
  50  5:24  Robotics Facility  
  50  5:27  Forge  
  50  5:30  Stargate  
  50  5:34  Adept  
  52  5:39  Pylon  
  52  5:42  Adept  
  52  5:47  Twilight Council  
  52  5:49  Protoss Ground Armor Level 1  
  54  5:54  Sentry  
  56  6:03  Adept  
  52  6:11  Zealot  
  52  6:12  Observer  
  55  6:20  Zealot  
  57  6:33  Observer  
  58  6:57  Probe  
  58  8:51  Immortal  
  58  8:57  Protoss Ground Armor Level 2  
  62  9:03  Protoss Ground Weapons Level 2  
  62  9:05  Gateway  
  62  9:06  Zealot  
  62  9:09  Robotics Facility  
  64  9:13  Stargate  
  64  9:18  Immortal, Pylon  
  64  9:24  Adept  
  64  9:29  Warp Prism  
  68  9:44  Pylon  
  68  9:56  Warp Prism  
  68  9:58  Adept  
  64  10:04  Robotics Bay, Zealot  
  64  10:06  Observer  
  61  10:17  Immortal  
  65  10:30  Adept  
  65  10:32  Warp Prism  
  69  10:36  Adept  
  69  10:42  Adept  
  73  10:47  Adept  
  75  10:54  Gravitic Boosters  
  75  11:20  Protoss Shields Level 1  
  75  11:36  Protoss Air Weapons Level 1  
  75  11:51  Gravitic Drive  
  75  12:29  Templar Archives  
  75  12:30  Adept  
  77  12:39  Stalker  
  79  12:45  Pylon  
  79  12:50  Stalker  
  79  12:55  Zealot  
  79  12:57  Zealot  
  71  13:02  Adept  
  61  13:07  Zealot  
  55  13:15  Adept  
  55  13:18  Adept  
  54  13:22  Adept, Observer  
  57  13:27  Sentry  
  59  13:35  Stalker  
  59  13:38  Sentry  
  63  13:43  Adept  
  63  13:47  Immortal  
  67  13:51  Zealot  
  67  13:56  Adept  
  67  13:59  Adept  
  71  14:03  Stalker  
  73  14:11  Stalker  
  73  14:13  Void Ray  
  79  14:57  Protoss Shields Level 2  
  79  15:24  Stalker  
  80  15:29  Stalker  
  80  15:33  Stalker  
  80  15:34  Pylon  
  84  15:37  Observer  
  85  16:02  Stalker  
  75  16:07  Stalker  
  51  16:11  Zealot  
  51  16:16  Zealot  
  50  16:25  Sentry  
  50  16:31  Probe, Stalker  
  55  16:40  Observer  
  55  16:49  Stalker  
  49  16:54  Zealot  
  49  16:58  Stalker  
  39  17:01  Zealot  
  39  17:07  Stalker  
  39  17:15  Zealot  
  34  17:21  Stalker  
  34  17:24  Zealot  
  34  17:25  Photon Cannon  
  34  17:29  Zealot  
  37  17:35  Stalker  
  31  17:43  Zealot  
  22  17:47  Zealot  
  20  17:51  Zealot  
  19  17:58  Zealot  
  21  18:07  Zealot  
  11  18:28  Zealot, Photon Cannon  
  11  19:02  Pylon  
Show
View Real Time Build Order
Export as new Build Order

IA (Difícil) Terran 

Build Orders:  

Get SALT Encoding   

  12  0:01  SCV  
  13  0:13  SCV  
  14  0:19  Supply Depot  
  14  0:25  SCV  
  15  0:41  SCV  
  16  0:43  Barracks  
  16  0:49  Refinery  
  16  0:53  SCV  
  17  1:05  SCV  
  18  1:17  SCV  
  19  1:20  Supply Depot  
  19  1:29  SCV  
  19  1:31  Marine  
  21  1:39  Barracks  
  21  1:42  Orbital Command  
  21  1:46  Refinery  
  21  1:50  Barracks Tech Lab  
  21  2:06  Supply Depot  
  21  2:08  Marine  
  22  2:25  Marine  
  22  2:26  Marine  
  24  2:38  Supply Depot  
  24  2:43  Marine  
  25  2:44  Marine  
  26  2:51  SCV  
  27  3:02  Marauder, Marine  
  27  3:03  SCV  
  27  3:05  Engineering Bay  
  31  3:16  SCV  
  32  3:20  Marine  
  32  3:22  Marine  
  34  3:28  SCV  
  34  3:31  Supply Depot  
  35  3:37  Marine  
  35  3:40  SCV, Marine  
  38  3:52  SCV  
  39  3:59  Marauder  
  41  4:20  Marauder  
  43  5:05  Barracks Tech Lab  
  43  5:08  SCV, Stimpack  
  43  5:09  Terran Infantry Weapons Level 1, Factory  
  44  5:16  Factory  
  44  5:20  SCV  
  45  5:23  Concussive Shells  
  45  5:30  Missile Turret  
  45  5:34  Supply Depot  
  45  5:39  Missile Turret  
  45  5:54  Widow Mine  
  47  6:02  Starport  
  47  6:04  Widow Mine  
  47  6:05  Bunker  
  47  6:06  Combat Shield  
  49  6:12  Starport  
  49  6:19  Barracks, Factory Tech Lab  
  49  6:27  Factory Tech Lab  
  49  6:32  Armory  
  49  6:35  Supply Depot  
  49  6:38  Starport Tech Lab  
  47  6:41  Siege Tank  
  47  6:47  SCV  
  44  6:50  Starport Tech Lab, Marine  
  45  7:01  Marine  
  46  7:03  Terran Infantry Armor Level 1  
  46  7:11  Marine  
  46  7:12  SCV  
  47  7:21  Viking  
  35  7:31  Marine  
  35  7:36  SCV  
  35  7:41  Marine  
  29  7:48  SCV  
  25  7:52  Marine  
  22  8:00  SCV  
  22  8:03  Marauder  
  24  8:12  SCV  
  25  8:13  Siege Tank  
  25  8:18  Raven  
  30  8:23  Marine  
  30  8:24  SCV  
  34  8:34  Marauder  
  34  8:36  SCV  
  35  8:43  Marine  
  36  8:48  SCV  
  36  8:54  Marine  
  38  8:59  Raven  
  38  9:00  SCV  
  41  9:04  Widow Mine  
  43  9:12  SCV  
  43  9:15  Widow Mine  
  46  9:25  SCV, Thor  
  46  9:28  Sensor Tower  
  46  9:30  Marine  
  54  9:34  Marine  
  54  9:37  SCV  
  56  9:38  Marine  
  56  9:41  Medivac  
  59  9:47  Marine  
  59  9:52  Marine  
  61  9:56  Marine  
  62  10:00  Banshee  
  62  10:02  Supply Depot  
  62  10:05  SCV, Marine  
  66  10:10  Marine  
  64  10:14  Marine  
  64  10:19  Medivac  
  67  10:24  Marine  
  68  10:34  SCV, Marine  
  64  10:43  Medivac  
  64  10:44  Marauder  
  64  10:46  SCV  
  64  10:49  Marine  
  65  10:54  Marauder  
  67  11:22  Engineering Bay  
  67  11:23  Raven  
  69  11:27  SCV  
  69  11:29  Marauder  
  71  11:33  Supply Depot, Marauder  
  73  11:56  Siege Tank  
  76  12:14  Banshee  
  79  12:17  Supply Depot  
  79  12:25  SCV  
  79  12:47  Terran Infantry Weapons Level 2  
  79  13:08  Marine  
  79  13:11  Marine  
  81  13:13  Supply Depot  
  81  13:14  Marine  
  82  13:25  Ghost Academy  
  82  13:26  Marine  
  83  13:29  Marauder  
  83  13:32  Marine  
  85  13:35  SCV  
  85  13:40  Supply Depot  
  86  13:44  Marine  
  87  13:50  Marine x2  
  89  14:01  Ghost  
  91  14:09  Marauder  
  93  14:17  Siege Tank  
  96  14:30  Ghost  
  98  14:39  Siege Tank  
  98  14:44  Supply Depot  
  101  15:12  Terran Infantry Armor Level 2  
  101  15:31  Terran Vehicle Weapons Level 1  
  101  16:21  Marine  
  101  16:24  Marine  
  99  16:28  Marine  
  96  16:39  Marine  
  91  16:42  Marine  
  91  16:46  Marine  
  79  16:57  Marine  
  79  17:00  Marine  
  81  17:04  Marine  
  82  17:15  Marine  
  83  17:17  Fusion Core  
  83  17:18  Marine  
  83  17:22  Marine  
  85  17:25  Terran Ship Weapons Level 1  
  85  17:33  Marauder  
  87  18:07  Battlecruiser  
  87  18:08  Raven  
  94  18:51  Raven, Widow Mine  
  98  19:46  Battlecruiser  
  104  20:22  Raven  
  104  20:27  Supply Depot  
  104  20:28  Widow Mine  
  108  20:33  Widow Mine  
  110  20:48  SCV  
  111  21:09  Thor  
  117  21:12  Supply Depot  
  102  21:26  Marine  
  102  21:31  Marine  
  84  21:36  Marine  
  81  21:43  Marine  
  81  21:45  Raven  
  78  21:48  Marine  
  78  21:53  Marine  
  80  22:01  Marine  
  80  22:06  Marine  
  82  22:21  Siege Tank  
  85  22:30  SCV  
  85  22:55  Siege Tank  
  88  23:18  Siege Tank  
  91  23:55  Raven  
  93  24:19  Siege Tank  
  96  24:41  Siege Tank  
  96  24:44  Marine  
  100  24:47  Marine  
  100  24:50  Marine  
  102  25:02  Marine  
  102  25:04  Marine  
  98  25:07  Marine  
  98  25:08  Liberator  
  100  25:19  Marine  
  101  25:22  Marine  
  101  25:25  Marine  
  103  25:37  Marine  
  103  25:40  Marine  
  103  25:42  Cyclone  
  108  25:43  Marine  
  109  25:56  Marauder  
  111  25:58  Marine  
  111  26:01  Marine  
  113  26:09  Liberator  
  116  26:14  Supply Depot  
  116  26:16  Marauder  
  116  26:17  Marauder  
  116  26:53  Marine  
  115  26:56  Marine  
  100  27:03  Hellion  
  97  27:11  Marine  
  97  27:12  Starport Tech Lab  
  97  27:14  Marine  
  100  27:16  SCV  
  94  27:28  SCV  
  63  27:49  Supply Depot  
Show
View Real Time Build Order
Export as new Build Order

IA (Difícil) Terran 

Build Orders:  

Get SALT Encoding   

  12  0:01  SCV  
  13  0:13  SCV  
  14  0:18  Supply Depot  
  14  0:25  SCV  
  15  0:40  SCV  
  16  0:47  Barracks  
  16  0:49  Refinery  
  16  0:52  SCV  
  17  1:04  SCV  
  18  1:16  SCV, Supply Depot  
  19  1:29  SCV  
  20  1:36  Marine  
  20  1:37  Barracks  
  21  1:42  Orbital Command  
  21  1:43  Refinery  
  21  1:53  Marine  
  22  1:55  Factory  
  22  2:12  Barracks Tech Lab  
  22  2:17  Supply Depot  
  22  2:24  Marine  
  23  2:30  Marine  
  24  2:42  Marine  
  27  2:44  Hellion  
  27  2:46  Supply Depot  
  27  2:59  SCV  
  30  3:05  Hellion  
  30  3:11  SCV  
  31  3:12  Engineering Bay  
  31  3:23  SCV  
  34  3:27  Hellion  
  34  3:29  Supply Depot  
  34  3:35  SCV  
  35  3:47  SCV  
  35  3:48  Hellion  
  38  3:59  SCV  
  39  4:09  Hellion  
  41  4:31  Hellion  
  43  4:56  Barracks Tech Lab  
  46  5:00  SCV, Stimpack, Marauder  
  46  5:01  Terran Infantry Weapons Level 1, Factory, Factory Tech Lab  
  46  5:06  Starport  
  45  5:12  SCV, Starport  
  46  5:14  Combat Shield  
  46  5:15  Marauder  
  46  5:16  Supply Depot  
  48  5:23  Siege Tank  
  48  5:24  SCV  
  52  5:30  Marine  
  53  5:39  Marauder  
  55  5:44  Missile Turret  
  55  5:46  Supply Depot, Factory Tech Lab  
  55  5:48  Marine, Starport Tech Lab  
  55  5:49  SCV, Starport Tech Lab  
  56  5:59  Missile Turret  
  56  6:00  Marine  
  56  6:03  Siege Tank  
  63  6:11  Cyclone  
  63  6:19  Barracks  
  63  6:28  Bunker  
  63  6:33  Concussive Shells  
  63  6:44  Raven  
  63  6:46  Supply Depot  
  65  6:55  Terran Infantry Armor Level 1  
  65  7:20  Raven  
  67  7:51  Sensor Tower  
  67  8:02  Armory  
  67  8:07  Barracks Reactor  
  67  8:54  Medivac x2  
  67  8:55  Marine  
  71  8:57  Supply Depot  
  71  9:00  Marine  
  71  9:01  Engineering Bay  
  73  9:04  Marine  
  73  9:08  Marine  
  75  9:20  Marine  
  80  9:24  Medivac  
  76  9:25  Marine  
  76  9:29  Supply Depot  
  78  9:32  SCV  
  79  9:39  Raven  
  79  9:44  Marauder  
  83  9:50  Marauder  
  85  9:52  Supply Depot  
  85  10:05  Marauder  
  79  10:26  Terran Infantry Weapons Level 2  
  77  10:58  Marine  
  77  11:03  Raven  
  79  11:09  SCV  
  68  11:26  Siege Tank  
  71  11:48  Siege Tank  
  74  11:55  Marine  
  74  12:00  Marauder  
  74  12:06  Marine  
  64  12:10  Marine  
  64  12:15  Marine  
  61  12:21  Marine  
  62  12:24  Marine  
  62  12:28  Marine  
  62  12:29  Raven  
  61  13:29  Fusion Core  
  49  14:07  Viking  
  51  14:18  Battlecruiser  
  57  14:46  Marine  
  57  14:50  Viking  
  56  14:55  Marine  
  56  14:58  SCV  
  52  15:00  Hellion  
  52  15:06  Factory Tech Lab  
  54  15:07  Marine  
  54  15:10  SCV, Factory Tech Lab  
  54  15:11  Marine  
  52  15:15  Marine  
  52  15:21  Viking  
  41  15:22  SCV  
  41  15:24  Viking  
  41  15:28  Hellion  
  41  15:31  Marine  
  41  15:34  SCV  
  36  15:36  Marine  
  36  15:40  Hellion  
  28  15:43  Marine  
  28  15:49  Marine  
  27  15:53  Marine  
  22  16:00  Hellion  
  22  16:01  Marine  
  22  16:04  Hellion  
  7  16:12  Marine  
  6  16:29  Supply Depot  
  6  16:30  Marine  
Tags
 
Add a new tag
Caveats
  • Supply blocks, unpowered buildings, or Contaminate may cause inaccurate times.
  • Supply counts are checked every 10 seconds.